 Dungeon Crawl Stone Soup version 0.32-a0-576-g706899e69d (webtiles) character file.

Game seed: 5905888881845488296

35 cforsyth the Grave Robber (level 3, -2/29 HPs)
             Began as a Mountain Dwarf Necromancer on Mar 2, 2024.
             Slain by Natasha (8 damage)
             ... on level 2 of the Dungeon.
             The game lasted 00:01:52 (1605 turns).

cforsyth the Grave Robber (MDNe)                    Turns: 1605, Time: 00:01:52

Health: -2/29      AC: 10    Str: 10    XL:     3   Next: 16%
Magic:  0/5        EV:  1    Int: 17    God:
Gold:   44         SH:  0    Dex: 10    Spells: 4/5 levels left

rFire   . . .        (no weapon)
rCold   . . .        (no shield)
rNeg    . . .        f - +0 plate armour
rPois   .            (no helmet)
rElec   .            (no cloak)
rCorr   .            (no gloves)
SInv    .            (no boots)
Will    .....        (no amulet) Stlth
                     (no ring)
HPRegen 0.24/turn    (no ring)
MPRegen 0.09/turn

%: no passive effects
@: no status effects
A: runic magic, artefact enchanting
a: no special abilities


You were on level 2 of the Dungeon.
You visited 1 branch of the dungeon, and saw 2 of its levels.

You collected 44 gold pieces.


Innate Abilities, Weirdness & Mutations

Your spellcasting is much less encumbered by armour.
You can use scrolls of enchantment on lesser artefacts.


   Skills:
 + Level 2.1 Fighting
 - Level 1.3 Dodging
 - Level 1.4 Stealth
 - Level 1.7 Spellcasting
 + Level 5.0 Necromancy


You had 4 spell levels left.
You knew the following spells:

 Your Spells              Type           Power      Damage    Failure   Level
X - Necrotise             Necr           72%        1d7       13%         1

Your spell library contained the following spells:

 Spells                   Type           Power      Damage    Failure   Level
 Vampiric Draining        Necr           18%        2d7       36%         3
 Animate Dead             Necr           18%        N/A       77%         4
 Curse of Agony           Necr           18%        N/A       98%         5

Inventory:

Armour
 f - a +0 plate armour (worn)
Jewellery
 L - a ring of flight
Scrolls
 a - a scroll of vulnerability {unknown}
 g - 2 scrolls of enchant armour {unknown}
 i - a scroll of amnesia {unknown}
Potions
 b - a potion of magic
 c - a potion of might {unknown}
 d - a potion of heal wounds {unknown}
 e - a potion of haste {unknown}
 h - a potion of mutation {unknown}

Dungeon Overview and Level Annotations

Branches:
Dungeon (2/15)

Altars:

Annotations:
D:2 Natasha

#.###.#.#
#.......###.....##
###.#<####.....<.##
#####....###.........#
...........+....$....+
#####....###.........#
####....# #..5.5.$#
#.....#.# #..h..#
#.###...# #.@.# #.#
##### ##'## #.# #.# #.#
#.# #.# ##.## #.#
#########...## #.#
#.....##.....######
#.###.###.###..........
#.......#.# #..########


You could see Natasha and 2 cerulean imps.


Message History

Natasha claws you.
Casting: Necrotise (safe; 13% risk of failure)
Confirm with . or Enter, or press ? or * to list all spells.
You don't have enough magic to cast this spell.
You hit Natasha.
Natasha is almost dead.
The cerulean imp hits you but does no damage. x2
Natasha claws you.
Unknown command.
You hit Natasha.
Natasha is almost dead.
The cerulean imp hits you from afar with a +1 spear.
The cerulean imp hits you but does no damage.
Natasha claws you.
You hit Natasha but do no damage. Your punch misses Natasha.
Natasha is almost dead.
The cerulean imp hits you but does no damage.
The cerulean imp hits you from afar with a +1 spear.
* * * LOW HITPOINT WARNING * * *
Natasha claws you.
* * * LOW HITPOINT WARNING * * *
Your magical contamination has completely faded away.
You hit Natasha but do no damage.
Natasha is almost dead.
The cerulean imp hits you but does no damage. x2
Natasha mumbles some strange words.
Natasha's front paws start to glow.
Natasha claws you!
You die...
Natasha begins licking her fur clean.

Skill      XL: |  1  2 |
---------------+-------+-----
Fighting       | 1 2 |  2.1
Necromancy     | 5 |  5.0
Dodging        | |  1.3
Stealth        | |  1.4
Spellcasting   | |  1.7

Action                     || total
---------------------------++-------
  Melee: Unarmed           ||    41
   Cast: Necrotise         ||    55
 Armour: Robe              ||    16
         Plate armour      ||    29
  Dodge: Dodged            ||    20

Levels and vault maps discovered:
D:1:      dpeg_arrival_rooms_c, layout_basic
D:2:      layout_loops_corners, uniq_natasha

Notes
Turn   | Place    | Note
-------+----------+-------------------------------------------
     0 | D:1      | cforsyth the Mountain Dwarf Necromancer began the quest for
                  | the Orb.
     0 | D:1      | Reached XP level 1. HP: 14/14 MP: 3/3
   125 | D:1      | Reached skill level 1 in Fighting
   168 | D:1      | Reached XP level 2. HP: 23/23 MP: 1/4
  1196 | D:1      | Reached skill level 2 in Fighting
  1196 | D:1      | Reached skill level 5 in Necromancy
  1196 | D:1      | Reached XP level 3. HP: 29/29 MP: 1/5
  1595 | D:2      | Noticed Natasha
  1605 | D:2      | Slain by Natasha

Vanquished Creatures
  A dart slug (D:1)
  2 bats (D:1)
  4 endoplasms
  3 goblins
  2 hobgoblins (D:1)
  3 jackals (D:1)
  A quokka (D:1)
  3 ball pythons (D:1)
  3 frilled lizards (D:1)
  2 kobolds (D:1)
  5 rats
29 creatures vanquished.

Vanquished Creatures (collateral kills)
  A frilled lizard (D:1)
1 creature vanquished.

Grand Total: 30 creatures vanquished

Table legend: (Time is in decaauts)
 A = Elapsed time spent in this place.
 B = Non-inter-level travel time spent in this place.
 C = Inter-level travel time spent in this place.
 D = Time resting spent in this place.
 E = Time spent auto-exploring this place.
 F = Levels seen in this place.
 G = Mean time per level.
                   A        B        C        D        E       F      G
               +--------+--------+--------+--------+--------+-----+--------+
         Total |   1604 |   1586 |     18 |      0 |   1354 |   2 |  802.0 |
       Dungeon |   1604 |   1586 |     18 |      0 |   1354 |   2 |  802.0 |
               +--------+--------+--------+--------+--------+-----+--------+

Top non-repeatable levels by time:
     D:1: 1421 daAuts
     D:2: 183 daAuts

Table legend:
 A = Non-vault XP
 B = Vault XP
 C = Vault XP percentage of total XP
 D = Non-vault monster count
 E = Vault monster count
 F = Vault count percentage of total count
                 A         B        C        D         E       F
            +---------+---------+-------+---------+---------+-------
      Total |      50 |       0 |   0.0 |      30 |       0 |   0.0
            +---------+---------+-------+---------+---------+-------
        D:1 |      45 |       0 |   0.0 |      27 |       0 |   0.0
        D:2 |       5 |       0 |   0.0 |       3 |       0 |   0.0
            +---------+---------+-------+---------+---------+-------
